 Dungeon Crawl Stone Soup version 0.28-a0-863-g8cecda6153 (webtiles) character file.

Game seed: 14426097690700806858

4278 wakim the Ruffian (level 10, -1/100 HPs)
             Began as a Troll Hunter on Nov 17, 2021.
             Was a Believer of Qazlal.
             Slain by a killer bee (2 damage)
             ... on level 8 of the Dungeon.
             The game lasted 00:22:35 (6800 turns).

wakim the Ruffian (Troll Hunter)                    Turns: 6800, Time: 00:22:36

Health: -1/100     AC:  8    Str: 26    XL:     10   Next: 10%
Magic:  8/12       EV: 11    Int:  7    God:    Qazlal [**....]
Gold:   132        SH:  2    Dex: 13    Spells: 9/9 levels left

rFire   . . .      SeeInvis +     - Unarmed
rCold   . . .      Faith    .   (no shield)
rNeg    + . .      Spirit   .   r - +2 robe {Will+}
rPois   .          Reflect  .   (helmet restricted)
rElec   .          Harm     .   h - +1 cloak "Zybapp" {rN+ Str-2 Stlth+}
rCorr   .          Rampage  .   (gloves unavailable)
Will    +....                   (boots unavailable)
Stlth   +++.......              (no amulet)
HPRegen 1.26/turn               z - +4 ring of slaying
MPRegen 0.13/turn               o - ring "Apheplud" {Contam Drain Str+6 SInv Stlth+}

@: lethally poisoned (-1 -> -4), slowed, very slow
A: large, unfitting armour, claws 3, regeneration 1, shaggy fur 1, tough skin 1
a: Renounce Religion, Upheaval


You were on level 8 of the Dungeon.
You worshipped Qazlal.
Qazlal was pleased with you.
You visited 2 branches of the dungeon, and saw 9 of its levels.
You also visited: Sewer.

You collected 584 gold pieces.
You spent 452 gold pieces at shops.

Inventory:

Missiles
 c - 5 large rocks {=f}
 d - 2 throwing nets {=f!f}
 k - 8 atropa-tipped darts
 n - 17 poisoned darts
 s - 199 stones (quivered)
 t - a boomerang
 w - a curare-tipped dart {=f}
Armour
 h - the +1 cloak "Zybapp" (worn) {rN+ Str-2 Stlth+}
   (You found it on level 4 of the Dungeon)

   Str:       It affects your strength (-2).
   rN:        It protects you from negative energy.
   Stlth:     It makes you more stealthy.
 r - a +2 robe of willpower (worn)
Jewellery
 e - a ring of flight
 o - the ring "Apheplud" (right claw) {Contam Drain Str+6 SInv Stlth+}
   (You took it off a hobgoblin on level 4 of the Dungeon)

   [ring of strength]

   Str:       It affects your strength (+6).
   SInv:      It lets you see invisible.
   Contam:    It causes magical contamination when unequipped.
   Drain:     It drains your maximum health when unequipped.
   Stlth:     It makes you more stealthy.
 z - a +4 ring of slaying (left claw)
Wands
 v - a wand of flame (29)
 x - a wand of iceblast (6)
 y - a wand of paralysis (9)
Scrolls
 a - 2 scrolls of vulnerability {unknown}
 b - a scroll of silence {unknown}
 f - 3 scrolls of teleportation {unknown}
 g - 2 scrolls of magic mapping {unknown}
 j - 2 scrolls of enchant armour {unknown}
 l - a scroll of blinking {unknown}
 m - a scroll of noise {unknown}
 p - a scroll of fog {unknown}
 q - a scroll of enchant weapon {unknown}
 u - a scroll of amnesia {unknown}
Potions
 i - a potion of berserk rage {unknown}
 G - 3 potions of flight
 H - 4 potions of haste
 I - a potion of invisibility
 J - 3 potions of heal wounds
 L - a potion of lignification {!q}
 M - a potion of mutation {!q}


   Skills:
 * Level 6.8 Fighting
 + Level 6.3 Throwing
 + Level 4.9 Dodging
 - Level 0.3 Stealth
 * Level 7.8 Unarmed Combat
 + Level 4.4 Invocations


You had 9 spell levels left.
You didn't know any spells.
Your spell library contained the following spells:

 Spells                   Type           Power      Damage    Failure   Level
 Foxfire                  Conj/Fire      0%         2x1d4     43%         1
 Freeze                   Ice            0%         1d3       43%         1
 Slow                     Hex            0%         N/A       43%         1
 Scorch                   Fire           0%         2d5       56%         2
 Confusing Touch          Hex            0%         N/A       80%         3
 Conjure Flame            Conj/Fire      0%         6-21      80%         3
 Frozen Ramparts          Ice            0%         1d2       80%         3
 Inner Flame              Hex/Fire       0%         N/A       80%         3
 Vampiric Draining        Necr           0%         2d6       80%         3
 Flame Wave               Conj/Fire      0%         3d3       99%         4
 Hailstorm                Conj/Ice       0%         3d3       99%         4
 Summon Forest            Summ/Tloc      0%         N/A       100%        5
 Summon Mana Viper        Hex/Summ       0%         N/A       100%        5
 Summon Cactus Giant      Summ           0%         N/A       100%        6


Dungeon Overview and Level Annotations

Branches:
Dungeon (8/15)             Temple (1/1) D:4           Sewer (visited)
   Lair: D:8-11

Altars:
Ashenzari
Cheibriados
Dithmenos
Elyvilon
Fedhas
Gozag
Hepliaklqana
Kikubaaqudgha
Makhleb
Nemelex Xobeh
Okawaru
Qazlal
Sif Muna
Trog
Uskayaw
Wu Jian
Xom
Yredelemnul
Zin
The Shining One

Shops:
D:1 !   D:3 [(*[

Annotations:
D:5 1 runed translucent door, sastreii's ghost, novice GnGl


Innate Abilities, Weirdness & Mutations

You are too large for most types of armour.
You have claws for hands.
Your natural rate of healing is unusually fast.
You are covered in fur. (AC +1)
You have tough skin. (AC +1)


Message History

The killer bee is struck by lightning.
You kill the killer bee!
Qazlal accepts your kill. The killer bee barely misses you.
The killer bee stings you!
* * * LOW HITPOINT WARNING * * *
The killer bee barely misses you. x2; The killer bee stings you!
* * * LOW HITPOINT WARNING * * *
You feel very sick. The killer bee closely misses you.
The killer bee stings you.
* * * LOW HITPOINT WARNING * * *
The killer bee stings you.
* * * LOW HITPOINT WARNING * * *
You are more poisoned.
The killer bee poisons you!
The killer bee stings you but does no damage.
You block the killer bee's attack.
The killer bee stings you but does no damage.
The killer bee closely misses you. The killer bee barely misses you.
The killer bee stings you but does no damage.
You feel better.
The killer bee stings you but does no damage.
The killer bee misses you. The killer bee stings you!
* * * LOW HITPOINT WARNING * * *
You are poisoned.
The killer bee poisons you! You block the killer bee's attack.
The killer bee stings you.
* * * LOW HITPOINT WARNING * * *
The killer bee barely misses you. x2; The killer bee closely misses you. x2
The killer bee stings you!
* * * LOW HITPOINT WARNING * * *
You are more poisoned.
The killer bee poisons you! The killer bee stings you!
* * * LOW HITPOINT WARNING * * *
You feel very sick. The killer bee barely misses you.
The killer bee stings you.
* * * LOW HITPOINT WARNING * * *
The killer bee barely misses you. The killer bee misses you.
The killer bee stings you but does no damage.
The killer bee stings you.
You die...

.....# ..............#
.....# ...........# .....#
#.......## . .....###
#.o.....#.. .......
###†........ ......
#.#oK....... .....##
#...o....... .##...# ..#
#yy.o.|.!... ###...## #.#
##@y)........ .###...# ##.#
#.yy)........
#####.####..####...........
#.......#.....#............
##..##....##...............
#..####..###...##..........
..####.....##.###......(.##
..###...............##....
#...................# #..


You could see an orc warrior, a kobold brigand, 5 killer bees, an orc wizard and
2 orcs.

Vanquished Creatures
  Pikel (D:6)
  A troll (D:7)
  Grinder (D:6)
  4 yaks (D:5)
  Eustachio (D:4)
  The ghost of HoaS the Twirler, an amateur GrGl (D:3)
  2 water moccasins (D:6)
  Duvessa (D:5)
  2 black bears
  Pargi (Sewer)
  A necrophage (D:4)
  3 ogres
  2 centaurs (D:7)
  2 kobold brigands
  A phantom (D:7)
  A gnoll sergeant (D:6)
  4 bullfrogs
  A scorpion (D:6)
  Dowan (D:5)
  A killer bee (D:8)
  3 howler monkeys (D:8)
  3 hounds
  2 jellies
  A centaur skeleton (D:7)
  A centaur zombie (D:6)
  An orc priest (D:6)
  3 orc wizards
  An iguana (D:6)
  2 bullfrog skeletons
  A killer bee zombie (D:8)
  9 gnolls
  5 adders
  A white imp (D:6)
  3 worms
  2 dart slugs (D:1)
  34 orcs
  12 ball pythons
  10 bats
  6 endoplasms
  4 giant cockroaches (D:3)
  4 goblins
  7 hobgoblins
  3 jackals (D:2)
  5 quokkas
  2 frilled lizards
  18 kobolds
  7 rats
182 creatures vanquished.

Vanquished Creatures (others)
  A plant (D:2)
  8 withered plants (D:6)
9 creatures vanquished.

Grand Total: 191 creatures vanquished

Notes
Turn   | Place    | Note
-------+----------+-------------------------------------------
     0 | D:1      | wakim the Troll Hunter began the quest for the Orb.
     0 | D:1      | Reached XP level 1. HP: 19/19 MP: 0/0
    75 | D:1      | Reached XP level 2. HP: 28/28 MP: 1/1
   120 | D:1      | Found Yqioqat's Distillery.
   152 | D:1      | Reached skill level 1 in Unarmed Combat
   500 | D:2      | Reached XP level 3. HP: 34/35 MP: 2/2
   732 | D:2      | Found a faded altar of an unknown god.
  1235 | D:2      | Reached XP level 4. HP: 44/44 MP: 3/3
  1363 | D:3      | Found an opulent altar of Gozag.
  1395 | D:3      | Found a shadowy altar of Dithmenos.
  1403 | D:3      | Reached skill level 2 in Unarmed Combat
  1438 | D:3      | Found Lymemour's Weapon Shoppe.
  1468 | D:3      | Found a runed translucent gate.
  1471 | D:3      | Found a runed translucent gate.
  1471 | D:3      | Found an opulent altar of Gozag.
  1471 | D:3      | Found a runed translucent gate.
  1472 | D:3      | Noticed HoaS's ghost (amateur GrGl)
  1492 | D:3      | Found Toudocipp's General Store.
  1501 | D:3      | Bought a scroll of identify for 24 gold pieces
  1626 | D:3      | Found a glowing drain.
  1647 | Sewer    | Entered a sewer
  1696 | Sewer    | Noticed Pargi
  1710 | Sewer    | Killed Pargi
  1711 | Sewer    | Reached XP level 5. HP: 32/53 MP: 4/4
  1968 | D:3      | Found Tathrim's Antique Armour Shoppe.
  2062 | D:3      | Found Deifaruh's Armour Shoppe.
  2229 | D:4      | Identified the +1 cloak "Zybapp" {rN+ Str-2 Stlth+}
  2291 | D:4      | Identified the ring "Apheplud" {Contam Drain Str+6 SInv
                  | Stlth+}
  2350 | D:4      | Found a staircase to the Ecumenical Temple.
  2359 | Temple   | Entered the Ecumenical Temple
  2500 | Temple   | Became a worshipper of Qazlal Stormbringer
  2582 | D:4      | Noticed a necrophage
  2601 | D:4      | Killed a necrophage
  2602 | D:4      | Reached skill level 3 in Unarmed Combat
  2602 | D:4      | Reached XP level 6. HP: 59/61 MP: 5/5
  2843 | D:5      | Entered Level 5 of the Dungeon
  2843 | D:5      | Found a runed translucent door.
  2844 | D:5      | Noticed sastreii's ghost (novice GnGl)
  2857 | D:5      | Noticed a two-headed ogre
  2955 | D:5      | Reached skill level 1 in Invocations
  3082 | D:5      | Noticed Duvessa
  3129 | D:5      | Noticed Eustachio
  3147 | D:4      | Killed Eustachio
  3148 | D:4      | Reached skill level 4 in Unarmed Combat
  3148 | D:4      | Reached XP level 7. HP: 56/68 MP: 5/7
  3233 | D:5      | Noticed Dowan
  3331 | D:6      | Found a glowing silver altar of Zin.
  3339 | D:6      | Noticed Pikel
  3384 | D:6      | Killed Pikel
  3385 | D:6      | Reached XP level 8. HP: 36/79 MP: 8/8
  3487 | D:6      | Reached skill level 5 in Throwing
  3487 | D:6      | Reached skill level 5 in Unarmed Combat
  3604 | D:6      | Reached skill level 5 in Fighting
  3767 | D:6      | Noticed Grinder
  3773 | D:6      | Paralysed by Grinder for 3 turns
  3781 | D:6      | Killed Grinder
  3782 | D:6      | Reached skill level 6 in Unarmed Combat
  3800 | D:6      | Found an ancient bone altar of Kikubaaqudgha.
  3801 | D:6      | Found a blossoming altar of Fedhas.
  3850 | D:6      | Reached XP level 9. HP: 61/88 MP: 10/10
  3957 | D:6      | Reached * piety under Qazlal
  4728 | D:5      | Found a bloodstained altar of Trog.
  4743 | D:5      | Killed Duvessa
  4745 | D:5      | Killed Dowan
  4797 | D:5      | Found a shimmering blue altar of Sif Muna.
  4801 | D:5      | Got Sif Muna's Catalogue of the Arsonist
  4889 | D:5      | Reached skill level 7 in Unarmed Combat
  5134 | D:3      | Killed HoaS's ghost
  5280 | D:3      | Bought a +2 robe of willpower for 194 gold pieces
  5343 | D:1      | Bought a potion of invisibility for 104 gold pieces
  5343 | D:1      | Bought a potion of haste for 130 gold pieces
  5597 | D:7      | Reached ** piety under Qazlal
  6402 | D:7      | Found an iron altar of Okawaru.
  6471 | D:7      | Noticed a troll
  6482 | D:7      | Killed a troll
  6590 | D:7      | Reached XP level 10. HP: 95/100 MP: 12/12
  6800 | D:8      | HP: 1/100 [killer bee (6)]
  6800 | D:8      | Slain by a killer bee

Illustrated notes

Levels and vault maps discovered:
D:1:      onia_arrival_handbag, layout_rooms, serial_shops, nicolae_square_shop
D:2:      cheibrodos_old_hovel, layout_loops_ring,
          shapermc_ecumenical_altar_mp_vishouse
D:3:      layout_loops_cross, grunt_gozag_statues, general_overflow_altar,
          ebering_ghost_gozag, portal_sewer_entry_f, serial_shops,
          nicolae_shop_trees, shop, shop, nicolae_shop_hallway_plus, shop
D:4:      layout_cave_pools, minmay_temple_entry_sparse_star, minmay_checkerbox
D:5:      layout_gridville, nzn_overflow_gifts_of_might_and_magic,
          ebering_ghost_inner_flame, uniq_eustachio
D:6:      minmay_angry_zag, layout_basic, zin_academy,
          grunt_temple_overflow_growth_and_decay, uniq_pikel, uniq_grinder
D:7:      layout_loops_corners, okawaru_altar_gauntlet_db,
          minmay_misc_feat_hallway
D:8:      layout_cave_pools, nicolae_vehumet_radiance, uniq_erica, uniq_joseph
Temple:   minmay_temple_bridge_abc

Skill      XL: |  1  2  3  4  5  6  7  8  9 |
---------------+----------------------------+-----
Unarmed Combat | 1 2 3 4 6 7 |  7.8
Fighting       | 2 3 4 5 6 |  6.8
Dodging        | 2 3 4 |  4.9
Throwing       | 4 5 6 |  6.3
Invocations    | 1 2 3 4 |  4.4
Stealth        | |  0.3

Action                   |  1- 3 |  4- 6 |  7- 9 | 10-12 || total
-------------------------+-------+-------+-------+-------++-------
Melee: Unarmed           |   107 |   184 |   264 |    37 ||   592
       Punch             |       |     1 |     8 |       ||     9
Throw: Stone             |     8 |    47 |    91 |       ||   146
Invok: Upheaval          |       |       |       |     1 ||     1
  Use: Scroll            |       |     3 |     2 |       ||     5
       Potion            |       |       |       |     1 ||     1
 Stab: Sleeping          |       |     2 |     2 |       ||     4
Armor: Robe              |    39 |    85 |    80 |    20 ||   224
Dodge: Dodged            |    57 |   119 |   128 |    39 ||   343
Block: Other             |       |       |    11 |     6 ||    17

Table legend: (Time is in decaauts)
 A = Elapsed time spent in this place.
 B = Non-inter-level travel time spent in this place.
 C = Inter-level travel time spent in this place.
 D = Time resting spent in this place.
 E = Time spent auto-exploring this place.
 F = Levels seen in this place.
 G = Mean time per level.
                   A        B        C        D        E       F      G
               +--------+--------+--------+--------+--------+-----+--------+
         Total |   6738 |   6202 |    536 |      0 |   4551 |  10 |  673.8 |
       Dungeon |   6444 |   5918 |    526 |      0 |   4361 |   8 |  805.5 |
        Temple |    162 |    152 |     10 |      0 |    118 |   1 |  162.0 |
         Sewer |    131 |    131 |      0 |      0 |     72 |   1 |  131.0 |
               +--------+--------+--------+--------+--------+-----+--------+

Top non-repeatable levels by time:
     D:6: 1469 daAuts
     D:7: 1180 daAuts
     D:3: 962 daAuts
     D:2: 869 daAuts
     D:5: 678 daAuts
     D:4: 632 daAuts
     D:1: 502 daAuts
  Temple: 162 daAuts
     D:8: 149 daAuts
   Sewer: 131 daAuts
